 Dungeon Crawl Stone Soup version 0.29-a0-885-gb26ba3297d (webtiles) character file.

Game seed: 4911569781356083980

79 Nato the Stinger (level 4, -4/26 (27) HPs)
             Began as an Octopode Venom Mage on July 20, 2022.
             Slain by a hobgoblin (7 damage)
             ... led by Robin
             ... on level 4 of the Dungeon.
             The game lasted 00:05:38 (2492 turns).

Nato the Stinger (Octopode Venom Mage)              Turns: 2492, Time: 00:05:39

HP:   -4/26 (27)    AC:  1    Str:  7    XL:     4   Next: 37%
MP:   1/7           EV: 13    Int: 19    God:
Gold: 68            SH:  0    Dex: 12    Spells: 6/7 levels left

rFire   . . .      SeeInvis .   (no weapon)
rCold   . . .      Faith    .   (no shield)
rNeg    . . .      Spirit   .   (helmet restricted)
rPois   .          Reflect  .   (no amulet)
rElec   .          Harm     .   c - ring of resist corrosion
rCorr   +          Rampage  .   (no ring)
Will    .....                   (no ring)
Stlth   +++.......              (no ring)
HPRegen 0.08/turn               (no ring)
MPRegen 0.10/turn               (no ring)
                                (no ring)
                                (no ring)

@: lightly drained
A: almost no armour, amphibious, 8 rings, camouflage 1, gelatinous body 1,
(nimble swimmer 1), tentacles
a: no special abilities


You were on level 4 of the Dungeon.
You visited 1 branch of the dungeon, and saw 4 of its levels.

You collected 68 gold pieces.

Inventory:

Missiles
 h - 4 poisoned darts (quivered)
 l - a throwing net
Armour
 n - a +0 pair of boots
Jewellery
 c - a ring of resist corrosion (left tentacle)
Scrolls
 b - 2 scrolls of amnesia {unknown}
 j - a scroll of blinking {unknown}
 k - 2 scrolls of identify {unknown}
Potions
 a - a potion of magic
 d - a potion of heal wounds {unknown}
 e - a potion of degeneration {unknown}
 f - 2 potions of lignification {unknown}
 g - 2 potions of curing {unknown}
 i - a potion of might {unknown}
 m - 2 potions of haste {unknown}


   Skills:
 - Level 2.1 Dodging
 - Level 3.0 Stealth
 - Level 2.1 Spellcasting
 - Level 1.2 Transmutations
 + Level 5.7 Poison Magic


You had 6 spell levels left.
You knew the following spells:

 Your Spells              Type           Power      Damage    Failure   Level
a - Sting                 Tmut/Pois      60%        1d6       4%          1

Your spell library contained the following spells:

 Spells                   Type           Power      Damage    Failure   Level
 Poisonous Vapours        Pois/Air       24%        N/A       8%          2
 Olgreb's Toxic Radiance  Pois           23%        N/A       16%         4
 Mephitic Cloud           Conj/Pois/Air  9%         N/A       22%         3
 Frozen Ramparts          Ice            4%         1d2       45%         3
 Ice Form                 Ice/Tmut       4%         N/A       78%         4
 Summon Ice Beast         Ice/Summ       2%         N/A       86%         4


Dungeon Overview and Level Annotations

Branches:
Dungeon (4/15)
 Temple: D:4-7

Altars:


Innate Abilities, Weirdness & Mutations

You cannot wear most types of armour.
You are amphibious.
You can wear up to eight rings at the same time.
Your skin changes colour to match your surroundings (Stealth+).
Your rubbery body absorbs attacks. (AC +1, EV +1)
((You are camouflaged when in or above water. (Stealth+)))
You have tentacles for arms and can constrict up to eight enemies at once.


Message History

You tentacle-slap the hobgoblin but do no damage.
You squeeze the hobgoblin, but do no damage.
The hobgoblin is heavily wounded.
You constrict the hobgoblin.
A hobgoblin comes into view.
The hobgoblin hits you. x2
A goblin comes into view. It is wielding a +0 dagger.
You can't go up here!
Unknown command.
You release your grip on the hobgoblin.
The hobgoblin closely misses you. The hobgoblin barely misses you.
You climb downwards.
There is a stone staircase leading up here.
Casting: Sting (safe; 4% risk of failure)
Confirm with . or Enter, or press ? or * to list all spells.
Aiming: Sting (safe; 4% risk of failure)
Press: ? - help, Shift-Dir - straight line, f - hobgoblin
Aim: a hobgoblin (severely wounded, strong, 74% to hit)
The sting hits the hobgoblin but does no damage.
The hobgoblin is poisoned.
The hobgoblin is severely wounded.
The hobgoblin no longer looks unusually strong.
You kill the hobgoblin!
The hobgoblin hits you.
Casting: Sting (safe; 4% risk of failure)
Confirm with . or Enter, or press ? or * to list all spells.
You don't have enough magic to cast this spell.
Unknown command.
Unknown command.
You are too injured to fight recklessly!
You are too injured to fight recklessly!
You barely miss the hobgoblin. Your grab misses the hobgoblin.
The hobgoblin closely misses you.
You barely miss the hobgoblin. You grab the hobgoblin.
You constrict the hobgoblin. The hobgoblin hits you!
* * * LOW HITPOINT WARNING * * *
You barely miss the hobgoblin.
The hobgoblin is moderately wounded.
You constrict the hobgoblin. The hobgoblin hits you!
You die...

#.# #.# ##>##. .
.....##########.# #.
...........(..#.## ####
#.##.##.#............
.....#................#.#.
J....#.##@##..............
.......g....#..........#.
............#........# #.
##.#<#..............###.
.. #.......####.........
#..#.#.## #...######
#..#.#.# #...# # #......#
#...# ## ##.#.###
#...#####.


You could see a hobgoblin (strong).

Vanquished Creatures
  Robin (D:3)
  An adder (D:3)
  An ufetubus (D:4)
  A worm (D:3)
  3 orcs (D:3)
  2 endoplasms (D:1)
  2 giant cockroaches (D:1)
  5 goblins
  10 hobgoblins
  2 quokkas
  4 ball pythons (D:1)
  3 bats (D:1)
  2 frilled lizards (D:1)
  4 kobolds (D:1)
  3 rats (D:1)
44 creatures vanquished.

Notes
Turn   | Place    | Note
-------+----------+-------------------------------------------
     0 | D:1      | Nato the Octopode Venom Mage began the quest for the Orb.
     0 | D:1      | Reached XP level 1. HP: 11/11 MP: 3/3
   305 | D:1      | Reached XP level 2. HP: 17/17 MP: 0/5
   507 | D:1      | Reached skill level 4 in Poison Magic
  1001 | D:1      | Reached XP level 3. HP: 21/21 MP: 3/6
  1405 | D:2      | You fall into a shaft and drop 1 floor!
  1863 | D:3      | Reached skill level 5 in Poison Magic
  2311 | D:4      | Reached XP level 4. HP: 25/25 MP: 4/7
  2475 | D:3      | Noticed Robin
  2483 | D:3      | Killed Robin
  2492 | D:4      | Slain by a hobgoblin

Illustrated notes

Levels and vault maps discovered:
D:1:      dpeg_arrival_arbitrary_b, layout_basic, minmay_crystal_water
D:2:      layout_basic, basic_altar
D:3:      layout_rooms, serial_shops, nicolae_shop_hallway_plus,
          nicolae_ecumenical_snake_handling, uniq_robin
D:4:      layout_loops_cross, kennysheep_small_spiral

Skill      XL: |  1  2  3 |
---------------+----------+-----
Stealth        | 3 |  3.0
Poison Magic   | 4 5 |  5.7
Dodging        | |  2.1
Spellcasting   | |  2.1
Transmutations | |  1.2

Action                   |  1- 3 |  4- 6 || total
-------------------------+-------+-------++-------
Melee: Unarmed           |    12 |    11 ||    23
       Tentacles         |     5 |     4 ||     9
       Constrict         |     5 |     3 ||     8
 Cast: Sting             |    81 |    11 ||    92
Armor: Skin              |     1 |       ||     1
Dodge: Dodged            |    19 |    19 ||    38

Table legend: (Time is in decaauts)
 A = Elapsed time spent in this place.
 B = Non-inter-level travel time spent in this place.
 C = Inter-level travel time spent in this place.
 D = Time resting spent in this place.
 E = Time spent auto-exploring this place.
 F = Levels seen in this place.
 G = Mean time per level.
                   A        B        C        D        E       F      G
               +--------+--------+--------+--------+--------+-----+--------+
         Total |   2491 |   2448 |     43 |    800 |   1278 |   4 |  622.8 |
       Dungeon |   2491 |   2448 |     43 |    800 |   1278 |   4 |  622.8 |
               +--------+--------+--------+--------+--------+-----+--------+

Top non-repeatable levels by time:
     D:1: 1328 daAuts
     D:3: 756 daAuts
     D:4: 330 daAuts
     D:2: 75 daAuts
